 Dungeon Crawl Stone Soup version 0.29.1-12-g30fa7ad0bf (webtiles) character file.

Game seed: 6439684446524919025

2 hawla the Chiller (level 1, 0/14 HPs)
             Began as a Meteoran Ice Elementalist on Dec 25, 2022.
             Slain by a phantom (6 damage)
             ... on level 4 of the Dungeon.
             The game lasted 00:00:56 (240 turns).

hawla the Chiller (Meteoran Ice Elementalist)        Turns: 240, Time: 00:00:56

Health: 0/14       AC:  2    Str:  9    XL:     1   Next: 42%
Magic:  5/5        EV: 12    Int: 16    God:
Gold:   16         SH:  0    Dex: 14    Spells: 4/5 levels left

rFire   . . .      SeeInvis .   (no weapon)
rCold   . . .      Faith    .   (no shield)
rNeg    . . .      Spirit   .   a - +0 robe
rPois   .          Reflect  .   (no helmet)
rElec   .          Harm     .   (no cloak)
rCorr   .          Rampage  .   (no gloves)
Will    .....                   (no boots)
Stlth   +.........              (no amulet)
HPRegen 0.04/turn               (no ring)
MPRegen 0.09/turn               (no ring)

@: glowing
A: sense surroundings 1, otherworldly, glowing, explore regen
a: no special abilities


You were on level 4 of the Dungeon.
You visited 1 branch of the dungeon, and saw 4 of its levels.

You collected 16 gold pieces.

Inventory:

Armour
 a - a +0 robe (worn)
Magical Staves
 c - a staff of cold
Potions
 b - a potion of magic


   Skills:
 + Level 2.4 Dodging
 - Level 1.4 Stealth
 + Level 2.8 Spellcasting
 + Level 4.4 Ice Magic


You had 4 spell levels left.
You knew the following spells:

 Your Spells              Type           Power      Damage    Failure   Level
a - Freeze                Ice            64%        1d8       3%          1

Your spell library contained the following spells:

 Spells                   Type           Power      Damage    Failure   Level
 Frozen Ramparts          Ice            32%        1d5       10%         3
 Ozocubu's Armour         Ice            16%        N/A       10%         3
 Gell's Gravitas          Tloc           2%         N/A       50%         3
 Lesser Beckoning         Tloc           2%         N/A       50%         3
 Teleport Other           Tloc           2%         N/A       50%         3
 Hailstorm                Conj/Ice       9%         3d4       58%         4


Dungeon Overview and Level Annotations

Branches:
Dungeon (4/15) Zot: 2159
 Temple: D:4-7

Altars:


Innate Abilities, Weirdness & Mutations

You passively map a small area around you.
You are easily found by Zot.
You glow in the dark.
You regain HP and MP as you explore.


Message History

You freeze the quokka!
You kill the quokka!
The ball python bites you but does no damage.
The ball python constricts you.
Casting: Freeze (safe; 3% risk of failure)
Confirm with . or Enter, or press ? or * to list all spells.
Aiming: Freeze (safe; 3% risk of failure)
Press: ? - help, Shift-Dir - straight line, f - ball python
Aim: a ball python (constricting you)
You freeze the ball python!
You kill the ball python!
(D) Dungeon
Where to? (Enter - D:3 @ (x,y), ? - help)
What level of the Dungeon? (default 1, ? - help)
Found 18 gold pieces.
There is a stone staircase leading down here.
You climb downwards.
There is a stone staircase leading up here.
As you read the scroll labelled INGUOJ YLAXEGH, it crumbles to dust.
The air around you briefly surges with heat, but it dissipates.
It was a scroll of immolation.
Magic restored.
d - a scroll labelled YTEXYK VYKUURCH
Found a plate armour.
A phantom comes into view.
As you read the scroll labelled YTEXYK VYKUURCH, it crumbles to dust.
It is a scroll of amnesia.
Really abort (and waste the scroll)? [Y]es or [N]o only, please.
Really abort (and waste the scroll)?
Okay, then.
The phantom hits you. 2 orcs come into view.
Found a viscous puce potion.
The orc shouts!
You hear a shout!
The orc shouts!
An orc comes into view. It is wielding a +0 dagger.
The phantom hits you.
You hear a shout!
The phantom attacks as you move away! The phantom hits you.
You die...

* * * ... *
.... ...#######
#....
.........#
,....# , *
....####.###
.....# , .
##...####.....#
#......W.[.....
, ,
#.####.@.#### ,
* #.# ###?.# *
, #.# #.# , , ,
#.# o# , #.# o
⌠ ,, , #.# #o
,, #.# ..** * *
#.# * #. #.# ,
*


You could see a phantom and 3 orcs.

Vanquished Creatures
  A quokka (D:3)
  A ball python (D:3)
2 creatures vanquished.

Notes
Turn   | Place    | Note
-------+----------+-------------------------------------------
     0 | D:1      | hawla the Meteoran Ice Elementalist began the quest for the
                  | Orb.
     0 | D:1      | Reached XP level 1. HP: 14/14 MP: 5/5
   235 | D:4      | Noticed a phantom
   240 | D:4      | Slain by a phantom

Illustrated notes

Levels and vault maps discovered:
D:1:      kilobyte_arrival_exit_the_forest, layout_basic,
          minmay_gold_behind_fungi
D:2:      layout_rooms, hellmonk_ecumenical_altar_inner_sanctum, serial_curves,
          eino_curves_04, eino_curves_03
D:3:      layout_basic, grunt_decor_fettered
D:4:      layout_basic, nemelex_dance_club_becter, minmay_temple_entry_hall

Action                   || total
-------------------------++-------
 Cast: Freeze            ||     2
  Use: Scroll            ||     2
Armor: Robe              ||     1
Dodge: Dodged            ||     2
